 Dungeon Crawl Stone Soup version 0.30-a0-586-g23e55c9e0a (webtiles) character file.

Game seed: 1395183630679249639

30 Shayle the Conjurer (level 3, 9/27 HPs)
             Began as a Demonspawn Reaver on Jan 3, 2023.
             Quit the game on level 2 of the Dungeon.
             The game lasted 00:03:02 (1356 turns).

Shayle the Conjurer (Demonspawn Reaver)             Turns: 1356, Time: 00:03:03

Health: 9/27       AC:  3    Str: 12    XL:     3   Next: 5%
Magic:  6/6        EV: 11    Int: 16    God:
Gold:   107        SH:  0    Dex: 11    Spells: 5/6 levels left

rFire   . . .      SeeInvis .    m - +0 trident
rCold   . . .      Faith    .    (no shield)
rNeg    . . .      Spirit   .    b - +0 leather armour
rPois   .          Reflect  .    (helmet restricted)
rElec   .          Harm     .    (no cloak)
rCorr   .          Rampage  .    (no gloves)
Will    .....                    (no boots)
Stlth   +                        (no amulet)
HPRegen 0.24/turn                (no ring)
MPRegen 0.10/turn                (no ring)

@: quite poisoned (9 -> 4)
A: antennae 1, powered by death 1
a: no special abilities


You were on level 2 of the Dungeon.
You visited 1 branch of the dungeon, and saw 2 of its levels.

You collected 107 gold pieces.

Inventory:

Hand Weapons
 m - a +0 trident (weapon)
Armour
 b - a +0 leather armour (worn)
Magical Staves
 i - a staff of conjuration
Scrolls
 c - 3 scrolls of identify {unknown}
 d - a scroll of teleportation {unknown}
 e - a scroll of noise {unknown}
 k - 2 scrolls of poison {unknown}
 l - a scroll of enchant armour {unknown}
Potions
 f - a potion of degeneration {unknown}
 g - a potion of resistance {unknown}
 h - 3 potions of magic {unknown}
 j - a potion of cancellation {unknown}


   Skills:
 + Level 2.3 Fighting
 - Level 2.6(2.7) Polearms
 + Level 0.2(1.6) Staves
 + Level 2.1 Dodging
 - Level 2.0 Spellcasting
 + Level 3.0 Conjurations
 + Level 1.2 Necromancy
 + Level 0.9 Earth Magic
 + Level 0.3 Evocations


You had 5 spell levels left.
You knew the following spells:

 Your Spells              Type           Power      Damage    Failure   Level
a - Kiss of Death         Conj/Necr      32%        2d7       11%         1

Your spell library contained the following spells:

 Spells                   Type           Power      Damage    Failure   Level
 Momentum Strike          Conj/Tloc      12%        3d8       22%         2
 Hailstorm                Conj/Ice       6%         3d4       38%         3


Dungeon Overview and Level Annotations

Branches:
Dungeon (2/15)

Altars:
Fedhas


Innate Abilities, Weirdness & Mutations

You have a pair of small antennae on your head.
You regenerate a little health from kills.


Message History

You reach to attack!
You hit the adder but do no damage. The adder closely misses you.
You hit the adder.
The adder is moderately wounded.
The adder bites you but does no damage.
You miss the adder.
The adder is moderately wounded.
The adder bites you.
You are poisoned.
The adder poisons you! The adder bites you.
You are more poisoned.
The adder poisons you!
You closely miss the adder.
The adder is moderately wounded.
You feel very sick. The adder closely misses you.
You miss the adder.
The adder is moderately wounded.
You feel sick. The adder closely misses you. The adder barely misses you.
You miss the adder.
The adder is moderately wounded.
You feel sick. The adder closely misses you.
You closely miss the adder.
The adder is moderately wounded.
You feel sick. The adder misses you. The adder bites you.
You are more poisoned.
The adder poisons you!
You hit the adder.
The adder is severely wounded.
You feel very sick. The adder closely misses you.
You hit the adder.
You kill the adder!
You feel sick.
You have reached level 3!
Your experience leads to an increase in your attributes!
Increase (S)trength, (I)ntelligence, or (D)exterity?
You feel clever. x2; Your demonic ancestry asserts itself...
A pair of antennae grows on your head!
Are you sure you want to abandon this character and quit the game? (Confirm with "yes".)

......# .<.. # .....# #.# #
..>.# #.# # ...# #.# # ..#
#.# ##### # #.# #.# #....
#.#.### #######.# #.###
#.....#######......)###.###
###.#....g@...######.......
...########### #.......
##### #.##.##^ #.##....
#....##. #.##.##. #.##.##.
#....... #......#


You could see a hobgoblin.

Vanquished Creatures
  An adder (D:2)
  3 dart slugs
  2 bats (D:1)
  2 endoplasms
  A giant cockroach (D:1)
  2 kobolds
  A ball python (D:2)
  2 frilled lizards (D:1)
  2 rats (D:2)
16 creatures vanquished.

Notes
Turn   | Place    | Note
-------+----------+-------------------------------------------
     0 | D:1      | Shayle the Demonspawn Reaver began the quest for the Orb.
     0 | D:1      | Reached XP level 1. HP: 16/16 MP: 3/3
   399 | D:1      | Gained mutation: You regenerate a little health from kills.
                  | [demonic ancestry]
   399 | D:1      | Reached XP level 2. HP: 11/22 MP: 5/5
   990 | D:2      | Found a blossoming altar of Fedhas.
  1060 | D:2      | Reached skill level 1 in Necromancy
  1356 | D:2      | Gained mutation: You have a pair of small antennae on your
                  | head. [demonic ancestry]
  1356 | D:2      | Reached XP level 3. HP: 9/27 MP: 6/6
  1356 | D:2      | Quit the game

Illustrated notes

Levels and vault maps discovered:
D:1:      dpeg_arrival_orchard, layout_basic
D:2:      layout_loops_cross, basic_altar

Skill      XL: |  1  2 |
---------------+-------+-----
Dodging        | 2 |  2.1
Necromancy     | 1 |  1.2
Fighting       | |  2.3
Polearms       | |  2.6
Staves         | |  0.2
Spellcasting   | |  2.0
Conjurations   | |  3.0
Earth Magic    | |  0.9
Evocations     | |  0.3

Action                   || total
-------------------------++-------
Melee: Spear             ||    53
       Trident           ||     9
 Stab: Sleeping          ||     1
Armor: Leather armour    ||    13
Dodge: Dodged            ||    26

Table legend: (Time is in decaauts)
 A = Elapsed time spent in this place.
 B = Non-inter-level travel time spent in this place.
 C = Inter-level travel time spent in this place.
 D = Time resting spent in this place.
 E = Time spent auto-exploring this place.
 F = Levels seen in this place.
 G = Mean time per level.
                   A        B        C        D        E       F      G
               +--------+--------+--------+--------+--------+-----+--------+
         Total |   1357 |   1221 |    136 |     81 |    881 |   2 |  678.5 |
       Dungeon |   1357 |   1221 |    136 |     81 |    881 |   2 |  678.5 |
               +--------+--------+--------+--------+--------+-----+--------+

Top non-repeatable levels by time:
     D:1: 1016 daAuts
     D:2: 341 daAuts
